 Dungeon Crawl Stone Soup version 0.31.0-32-g396128a36d (webtiles) character file.

Game seed: 2651520222702558575

67 raph the Digger (level 4, 0/24 HPs)
             Began as a Gargoyle Earth Elementalist on Apr 18, 2024.
             Slain by Ijyb
             ... wielding a +2 dagger of flaming
              (5 damage)
             ... on level 3 of the Dungeon.
             The game lasted 00:03:36 (2219 turns).

raph the Digger (Gargoyle Earth Elementalist)       Turns: 2219, Time: 00:03:36

Health: 0/24       AC:  6    Str: 11    XL:     4   Next: 18%
Magic:  6/7        EV: 11    Int: 24    God:
Gold:   110        SH:  3    Dex: 10    Spells: 3/7 levels left

rFire   . . .        e - +0 dagger (venom)
rCold   . . .        j - +0 buckler
rNeg    + . .        a - +0 robe
rPois   ∞            d - +0 helmet
rElec   +            (no cloak)
rCorr   .            (no gloves)
SInv    .            (no boots)
Will    .....        o - amulet of magic regeneration
Stlth   ++           l - +6 ring of intelligence
HPRegen 0.24/turn    (no ring)
MPRegen 0.50/turn

%: no passive effects
@: no status effects
A: sickness immunity, AC +3, negative energy resistance 1, electricity
resistance, torment resistance 1, petrification resistance
a: no special abilities


You were on level 3 of the Dungeon.
You visited 1 branch of the dungeon, and saw 3 of its levels.

You collected 110 gold pieces.

Inventory:

Hand Weapons
 e - a +0 dagger of venom (weapon)
 k - a +0 mace of draining
Armour
 a - a +0 robe (worn)
 d - a +0 helmet (worn)
 j - a +0 buckler (worn)
Jewellery
 l - a +6 ring of intelligence (left hand)
 o - an amulet of magic regeneration (around neck)
Scrolls
 g - a scroll of torment {unknown}
Potions
 b - a potion of magic
 c - 2 potions of curing {unknown}
 f - a potion of haste {unknown}
 i - a potion of berserk rage {unknown}
 n - a potion of lignification {unknown}


   Skills:
 - Level 1.5 Dodging
 - Level 2.1 Stealth
 + Level 0.4 Shields
 + Level 2.4 Spellcasting
 * Level 2.6 Conjurations
 * Level 4.7 Earth Magic


You had 3 spell levels left.
You knew the following spells:

 Your Spells              Type           Power      Damage    Failure   Level
a - Sandblast             Erth           50%        2d12      2%          1
b - Passwall              Erth           25%        N/A       8%          3

Your spell library contained the following spells:

 Spells                   Type           Power      Damage    Failure   Level
 Stone Arrow              Conj/Erth      40%        3d9       11%         3
 Dazzling Flash           Conj/Hex       18%        N/A       28%         3
 Mephitic Cloud           Conj/Alch/Air  7%         N/A       34%         3
 Brom's Barrelling Bould  Conj/Erth      20%        2d4       36%         4
 Petrify                  Alch/Erth      14%        N/A       54%         4
 Curse of Agony           Necr           2%         N/A       99%         5
 Silence                  Hex/Air        1%         N/A       99%         5


Dungeon Overview and Level Annotations

Branches:
Dungeon (3/15)

Altars:
Cheibriados

Annotations:
D:3 Ijyb


Innate Abilities, Weirdness & Mutations

You are immune to sickness and miasma.
Your stone body is resilient. (AC +3)
You are immune to poison.
You resist negative energy. (rN+)
You are resistant to electric shocks. (rElec)
You are resistant to unholy torment.
You are immune to petrification.


Message History

You bump into the rock wall.
You're too confused to move!
Ijyb barely misses you. The bat hits you but does no damage.
You bump into the rock wall.
The bat hits you but does no damage. Ijyb barely misses you.
You bump into the rock wall.
You feel less confused.
Ijyb zaps a wand.
Your will is overpowered!
You are confused.
The bat closely misses you. The bat barely misses you.
You closely miss Ijyb.
Ijyb is heavily wounded.
The bat hits you.
Ijyb hits you with a +2 dagger of flaming.
* * * LOW HITPOINT WARNING * * *
Ijyb burns you.
* * * LOW HITPOINT WARNING * * *
You bump into the rock wall.
Ijyb misses you.
You bump into the rock wall.
You feel less confused. The bat closely misses you. Ijyb completely misses you.
Ijyb hits you with a +2 dagger of flaming.
* * * LOW HITPOINT WARNING * * *
Ijyb burns you.
* * * LOW HITPOINT WARNING * * *
Aiming: Sandblast (safe; 2% risk of failure)
Press: ? - help, Q - select action Shift-Dir - straight line, f/p - Ijyb
Aim: Ijyb, wielding a +2 dagger of flaming, wearing a +0 ring mail and carrying a wand of charming (heavily wounded, 81% to hit)
The blast of sand hits Ijyb but does no damage.
Ijyb is heavily wounded.
Ijyb zaps a wand.
You resist with some effort.
Aiming: Sandblast (safe; 2% risk of failure)
Press: ? - help, Q - select action Shift-Dir - straight line, f/p - Ijyb
Aim: Ijyb, wielding a +2 dagger of flaming, wearing a +0 ring mail and carrying a wand of charming (heavily wounded, 81% to hit)
The blast of sand hits Ijyb!
Ijyb is almost dead.
Ijyb zaps a wand.
You resist with some effort.
Ijyb hits you with a +2 dagger of flaming.
You die...

* #.# #...#.# *,**** * #.#
#.#.#.# *,**,***** *
##.#####.#.#.# *,*,,,,,,, *
##........#.#,* *,**,***** *
###...##.####.#,* *,**,* *
#......†..# *,*,*****,**,*
***#.#...##..# *,,,,,,,,,,,,*****
......#.###..########*****,,,,,,,
#####.#.##....bg@...# **,*****
#........######.# *,*****
###...........#,* *,*,,,,
#......#.####.#,* *,*,***
#......#$#***,*,*******,*,*
*#......#..,,,,,,,,,,,,,,,,*
***#.......##.#*,,,,,,,,,,,,***
,,..........,..,,,*,*********
,*##....##.#,..#*,*,*


You could see Ijyb and a bat.

Vanquished Creatures
  2 adders (D:2)
  An orc (D:3)
  5 bats
  An endoplasm (D:2)
  2 giant cockroaches
  6 goblins
  6 hobgoblins
  6 jackals
  4 ball pythons
  4 frilled lizards
  2 kobolds (D:2)
  5 rats
44 creatures vanquished.

Notes
Turn   | Place    | Note
-------+----------+-------------------------------------------
     0 | D:1      | raph the Gargoyle Earth Elementalist began the quest for
                  | the Orb.
     0 | D:1      | Reached XP level 1. HP: 10/10 MP: 3/3
   162 | D:1      | Reached XP level 2. HP: 15/15 MP: 3/5
   401 | D:1      | Reached skill level 4 in Earth Magic
   872 | D:2      | Reached XP level 3. HP: 19/19 MP: 3/6
   906 | D:2      | Learned a level 3 spell: Passwall
   994 | D:2      | Found a snail-covered altar of Cheibriados.
  2001 | D:3      | Reached XP level 4. HP: 24/24 MP: 5/7
  2173 | D:3      | Noticed Ijyb
  2219 | D:3      | Slain by Ijyb

Illustrated notes

Levels and vault maps discovered:
D:1:      dpeg_arrival_connections, layout_loops_ring
D:2:      layout_basic, basic_altar
D:3:      layout_loops_ring, uniq_ijyb

Skill      XL: |  1  2 |
---------------+-------+-----
Earth Magic    | 4 |  4.7
Conjurations   | 2 |  2.6
Dodging        | |  1.5
Stealth        | |  2.1
Shields        | |  0.4
Spellcasting   | |  2.4

Action                     |  1- 3 |  4- 6 || total
---------------------------+-------+-------++-------
  Melee: Unarmed           |     6 |       ||     6
         Dagger            |     2 |     7 ||     9
   Cast: Sandblast         |    46 |    17 ||    63
    Use: Scroll            |     4 |       ||     4
   Stab: Sleeping          |     1 |       ||     1
 Armour: Robe              |    10 |    35 ||    45
  Dodge: Dodged            |    17 |    33 ||    50
  Block: Buckler           |     1 |     3 ||     4
